Match 44942265
Unlisted

Match 44942265
End
Royal Engineer Section
Construct Section Command Post
Infantry Section
Selects Canadian Shock Battlegroup
Infantry Section
Selects Attacking Spirit
Selects Canadian Shock Section
Canadian Shock Section
Construct Platoon Command Post
Humber Armored Car
mentoss
Tonimontana
0
0

Comments sign in to comment!

No comments posted yet!